 Dungeon Crawl Stone Soup version 0.30-a0-913-g9934a0ce24 (webtiles) character file.

Game seed: 17990139987037663331

683 Sobieck the Sneak (level 7, -3/32 HPs)
             Began as a Spriggan Earth Elementalist on Mar 19, 2023.
             Slain by a gnoll
             ... wielding a +0 flail
             ... led by a gnoll bouda
              (8 damage)
             ... on level 5 of the Dungeon.
             The game lasted 00:09:47 (3790 turns).

Sobieck the Sneak (Spriggan Earth Elementalist)     Turns: 3790, Time: 00:09:47

Health: -3/32      AC:  3    Str:  4    XL:     7   Next: 35%
Magic:  16/16      EV: 17    Int: 19    God:
Gold:   160        SH:  0    Dex: 15    Spells: 11/17 levels left

rFire   . . .      SeeInvis +    a - +2 rapier (speed) {short}
rCold   . . .      Faith    .    (no shield)
rNeg    + . .      Spirit   .    i - +1 robe
rPois   .          Reflect  .    (helmet restricted)
rElec   .          Rampage  .    (no cloak)
rCorr   .                        (gloves unavailable)
Will    +....                    (boots unavailable)
Stlth   +++                      o - amulet of magic regeneration {@e2}
HPRegen 0.25/turn                h - ring of positive energy
MPRegen 0.55/turn                (no ring)

@: very quick
A: very small, no large weapons, unfitting armour, see invisible, speed 3
a: no special abilities


You were on level 5 of the Dungeon.
You visited 1 branch of the dungeon, and saw 5 of its levels.

You collected 160 gold pieces.


Innate Abilities, Weirdness & Mutations

You are very small and have problems with some larger weapons.
You are too small for most types of armour.
You have supernaturally acute eyesight. (SInv)
You cover ground extremely quickly. (Speed+++)


   Skills:
 - Level 4.0 Short Blades
 - Level 2.6 Dodging
 + Level 7.0 Stealth
 + Level 5.5 Spellcasting
 - Level 1.3 Transmutations
 + Level 4.5 Earth Magic


You had 11 spell levels left.
You knew the following spells:

 Your Spells              Type           Power      Damage    Failure   Level
a - Sandblast             Erth           44%        2d11      1%          1
b - Passwall              Tmut/Erth      13%        N/A       5%          2
c - Stone Arrow           Conj/Erth      26%        3d8       14%         3

Your spell library contained the following spells:

 Spells                   Type           Power      Damage    Failure   Level
 Petrify                  Tmut/Erth      16%        N/A       34%         4
 Manifold Assault         Tloc           5%         N/A       75%         4
 Yara's Violent Unravell  Hex/Tmut       3%         3d4       94%         5
 Dispersal                Tloc           2%         N/A       100%        6
 Enfeeble                 Hex            2%         N/A       100%        7
 Disjunction              Tloc           2%         N/A       100%        8

Inventory:

Hand Weapons
 a - a +2 rapier of speed (weapon) {short}
   (You took it off Eustachio on level 4 of the Dungeon)
 c - a +0 short sword {short}
   (You took it off a kobold on level 1 of the Dungeon)
 l - a +2 dagger of venom {short}
   (You took it off a kobold on level 4 of the Dungeon)
 B - a +0 dagger {short}
   (You found it on level 1 of the Dungeon)
Missiles
 f - 34 stones {throwing}
 I - a boomerang {throwing}
Armour
 i - a +1 robe (worn)
 v - a +0 robe
   (You found it on level 3 of the Dungeon)
 w - a +0 robe
   (You found it on level 3 of the Dungeon)
 y - a +0 robe
   (You took it off Sigmund on level 3 of the Dungeon)
 E - a +0 robe
   (You took it off an orc wizard on level 4 of the Dungeon)
 J - a +0 robe
   (You took it off an orc wizard on level 4 of the Dungeon)
Magical Staves
 q - a staff of conjuration {!a@e2staff}
   (You found it on level 2 of the Dungeon)
Jewellery
 h - a ring of positive energy (left hand)
   (You found it on level 1 of the Dungeon)
 o - an amulet of magic regeneration (around neck) {@e2}
   (You found it on level 2 of the Dungeon)
Wands
 x - a wand of iceblast (7)
   (You found it on level 3 of the Dungeon)
 G - a wand of flame (11)
   (You took it off Ijyb on level 4 of the Dungeon)
Scrolls
 e - 2 scrolls of amnesia
 j - 4 scrolls of fog
 k - 4 scrolls of teleportation {@r4}
 n - a scroll of magic mapping {!r}
Potions
 b - a potion of magic
 d - 5 potions of curing {@q1}
 g - a potion of mutation {unknown}
 m - a potion of resistance {unknown}
 p - 3 potions of attraction {!q}
 s - 2 potions of lignification {!q}
 t - a potion of brilliance {unknown}
 u - a potion of might {unknown}
 C - a potion of invisibility {unknown}

Dungeon Overview and Level Annotations

Branches:
Dungeon (5/15) Zot: 26782
 Temple: D:4-7

Altars:
Fedhas
Gozag
Hepliaklqana
Kikubaaqudgha
Ru
Wu Jian
Xom
Zin
The Shining One

Shops:
D:2 [ D:3

[ ,,,,,*
************,,,***,,,,,***
****,**********###*,***,,,,,,,,,*
*,,,,,,,,,,,..#*,**,.,,,,,,,,,
****,,*********#.#***,..,,,*,,,,,
,,,,,,* #.#**,...,*****,,,
****,** #.#*,....** **,, * *,*
#.#*.$..#* **, * *,* #.#....#* **
* *,* ########@g....# * * *,*
#.......gg...## * **
*,*###.....##.'g...# * ,*
*,,..#........#....#* ** ,*
***#.#.....#####....#* **, ,*
#.#.....# ***.....** **,, ,*
#.###.### *,**....,*****,,,
.######.# #.# *,**#...,,,*,,,,,
._.....<###.## *,* **,,,,,,,,,,,


You could see a gnoll bouda and 3 gnolls.


Message History

Done waiting.
Unknown command.
You can't go down here!
(D) Dungeon
Where to? (Enter - D:5, ? - help)
You see here a +0 whip {mace}.
There is an open door here.
There is a stone staircase leading down here.
You climb downwards.
Found a shimmering altar of Xom.
There is a stone staircase leading up here.
Unknown command.
As you read the scroll labelled INOTAENO GAZEO, it crumbles to dust.
It is a scroll of enchant armour.
Your +0 robe glows green for a moment.
As you read the scroll labelled COB NIZIUTUA, it crumbles to dust.
Wisps of shadow whirl around you...
It was a scroll of summoning.
You climb upwards.
Your summoned allies are left behind.
There is a stone staircase leading down here.
You climb downwards.
Your phantom dissolves into shadows!
Your ogre dissolves into shadows!
Your gnoll sergeant dissolves into shadows!
Your gnoll dissolves into shadows! x3
There is a stone staircase leading up here.
As you read the scroll labelled BEQUMY BUFAEM, it crumbles to dust.
It is a scroll of identify.
d - 5 potions of curing
As you read the scroll of identify {@r1}, it crumbles to dust.
p - 3 potions of attraction
As you read the scroll of identify {@r1}, it crumbles to dust.
s - 2 potions of lignification
As you read the scroll labelled BANEIH NICU, it crumbles to dust.
A profound silence engulfs you.
It was a scroll of silence.
Magic scrolls do not work when you're silenced!
You climb upwards.
There is a stone staircase leading down here.
Unknown command.
You start waiting.
Your hearing returns.
There is a stone staircase leading down here.
Unknown command.
You climb downwards.
There is a stone staircase leading up here.
Unknown command.
Blink to where?
Press: ? - help, Dir - move target
As you read the scroll labelled VAZXYLYHIMU, it crumbles to dust.
It was a scroll of blinking.
There is a stone staircase leading up here.
As you read the scroll labelled SUUPANTORR, it crumbles to dust.
The air around you briefly surges with heat, but it dissipates.
It was a scroll of immolation.
As you read the scroll labelled POACKUIPERGH, it crumbles to dust.
You feel aware of your surroundings.
It was a scroll of magic mapping.
Unknown command.
As you read the scroll labelled YFOFI XAKKUELIY, it crumbles to dust.
It is a scroll of enchant weapon.
Your +1 rapier of speed {short} glows red for a moment.
Adjust (i)tems, (s)pells, or (a)bilities?
l - a +2 rapier of speed (weapon)
{short} Adjust to which letter? (? for menu, Esc to quit)
a - a +2 rapier of speed (weapon)
{short}
l - a +2 dagger of venom {short} Unknown command.
Your movement speed is very quick.
Your attack delay is about 0.6.
Your damage rating with your +2 rapier of speed {short} is about 10 (Base 7 x 112% (Dex) x 108% (Skill) + 2 (Ench)).
Unknown command.
m - a fuming ruby potion Unknown command.
Found a stone staircase leading up.
Unknown command.
You now have 160 gold pieces (gained 17).
n - a scroll of magic mapping {!r} You open the gate.
A gnoll bouda and 3 gnolls come into view.
The gnoll shouts! x3
Danger!
The blast of sand misses the gnoll.
The gnoll bouda shouts!
The gnoll throws a throwing net.
The throwing net hits you.
You become entangled in the net!
The gnoll bouda barks out a call to the hunt!
The gnolls pick up the pace!
You struggle against the net.
The gnoll hits you from afar with a +0 halberd!
The gnoll barely misses you.
You struggle against the net.
The gnoll closely misses you. The gnoll hits you with a +0 whip!
* * * LOW HITPOINT WARNING * * *
You struggle against the net.
The gnoll hits you from afar with a +0 halberd.
* * * LOW HITPOINT WARNING * * *
The gnoll barely misses you.
Unknown command.
Unknown command.
You struggle against the net.
The gnoll closely misses you. The gnoll hits you but does no damage.
You rip the net and break free!
The gnoll misses you. The gnoll hits you with a +0 flail!
You die...

Skill      XL: |  1  2  3  4  5  6  7 |
---------------+----------------------+-----
Spellcasting   | 3 4 5 |  5.5
Earth Magic    | 3 4 |  4.5
Short Blades   | 1 3 4 |  4.0
Stealth        | 4 5 6 7 |  7.0
Dodging        | |  2.6
Transmutations | |  1.3

Action                     |  1- 3 |  4- 6 |  7- 9 || total
---------------------------+-------+-------+-------++-------
  Melee: Short sword       |     4 |       |       ||     4
         Dagger            |     8 |    25 |       ||    33
         Rapier            |       |       |    26 ||    26
   Cast: Sandblast         |    26 |    69 |    19 ||   114
         Passwall          |     1 |     2 |       ||     3
    Use: Scroll            |       |       |    13 ||    13
   Stab: Sleeping          |    11 |    12 |     2 ||    25
         Distracted        |       |     1 |       ||     1
 Armour: Robe              |     1 |     7 |     1 ||     9
  Dodge: Dodged            |     7 |    26 |    34 ||    67

Levels and vault maps discovered:
D:1:      lemuel_arrival_room, layout_basic, serial_bayou_pond_d
D:2:      layout_rooms, ebering_ecumenical_altar_abandoned, serial_shops,
          nicolae_shop_temple_entry_statues_fountains, minmay_nonomino_d4,
          uniq_jessica
D:3:      layout_loops_cross, grunt_temple_overflow_gold_and_silver,
          nicolae_ru_awakened_eye, serial_shops, nicolae_shop_stone,
          uniq_sigmund
D:4:      layout_gridville, general_overflow_altar,
          mainiacjoe_overflow_alcove_1, mainiacjoe_overflow_small_starburst,
          jmf_multi_god_temple2, gup_sewer_entry_spiral, uniq_ijyb,
          uniq_eustachio
D:5:      layout_loops_ring, overflow_temple_1_default, kennysheep_donut,
          dk_rats_in_the_wall, uniq_edmund

Notes
Turn   | Place    | Note
-------+----------+-------------------------------------------
     0 | D:1      | Sobieck the Spriggan Earth Elementalist began the quest for
                  | the Orb.
     0 | D:1      | Reached XP level 1. HP: 9/9 MP: 5/5
   128 | D:1      | Reached skill level 3 in Spellcasting
   163 | D:1      | Reached XP level 2. HP: 13/13 MP: 7/7
   288 | D:1      | Learned a level 2 spell: Passwall
   476 | D:1      | Reached skill level 3 in Earth Magic
   701 | D:1      | Reached skill level 1 in Short Blades
   876 | D:1      | Reached XP level 3. HP: 16/16 MP: 8/8
  1006 | D:2      | Noticed Jessica
  1024 | D:2      | Killed Jessica
  1025 | D:2      | Reached skill level 4 in Stealth
  1143 | D:2      | Reached XP level 4. HP: 21/21 MP: 10/10
  1224 | D:2      | Found a faded altar of an unknown god.
  1421 | D:2      | Reached skill level 2 in Short Blades
  1432 | D:2      | Identified the +0 leather armour "Epafuram" {Rampage rElec
                  | Will+++ Str-5}
  1523 | D:2      | Found Xenk's Antique Armour Shop.
  1529 | D:2      | You pick up a book of Misfortune and begin reading...
  1529 | D:2      | You add the spells Yara's Violent Unravelling and Enfeeble
                  | to your library.
  1681 | D:3      | Found a sacrificial altar of Ru.
  1849 | D:3      | Learned a level 3 spell: Stone Arrow
  1897 | D:3      | Noticed Sigmund
  1958 | D:3      | Killed Sigmund
  1959 | D:3      | Reached skill level 3 in Short Blades
  1959 | D:3      | Reached skill level 5 in Stealth
  1959 | D:3      | Reached skill level 4 in Spellcasting
  1959 | D:3      | Reached XP level 5. HP: 23/24 MP: 9/12
  1959 | D:3      | Reached XP level 6. HP: 27/28 MP: 9/13
  1981 | D:3      | Found Firraz's Armour Shop.
  2072 | D:3      | Found a glowing silver altar of Zin.
  2073 | D:3      | Found an opulent altar of Gozag.
  2381 | D:4      | Noticed Ijyb
  2418 | D:4      | Reached skill level 4 in Earth Magic
  2459 | D:4      | Found a hazy altar of Hepliaklqana.
  2489 | D:4      | Reached skill level 6 in Stealth
  2609 | D:4      | Found a blossoming altar of Fedhas.
  2852 | D:4      | Noticed Eustachio
  2853 | D:4      | Killed Ijyb
  2928 | D:4      | Killed Eustachio
  2929 | D:4      | Reached skill level 5 in Spellcasting
  2929 | D:4      | Reached XP level 7. HP: 32/32 MP: 13/15
  3026 | D:4      | Found a large runed translucent door.
  3047 | D:4      | Found a large runed translucent door.
  3056 | D:4      | You pick up a book of the Warp and begin reading...
  3056 | D:4      | You add the spells Manifold Assault, Dispersal and
                  | Disjunction to your library.
  3201 | D:4      | Reached skill level 4 in Short Blades
  3343 | D:4      | Found a glowing golden altar of the Shining One.
  3361 | D:4      | Reached skill level 7 in Stealth
  3495 | D:4      | Found an ornate altar of the Wu Jian Council.
  3506 | D:4      | Found an ancient bone altar of Kikubaaqudgha.
  3539 | D:5      | Entered Level 5 of the Dungeon
  3673 | D:5      | Found a shimmering altar of Xom.
  3788 | D:5      | HP: 5/32 [gnoll/+0 halberd[a gnoll bouda] (6)]
  3790 | D:5      | Slain by a gnoll

Vanquished Creatures
  Sigmund (D:3)
  Eustachio (D:4)
  2 hounds (D:4)
  2 orc priests (D:4)
  Ijyb (D:4)
  Jessica (D:2)
  2 orc wizards (D:4)
  4 adders
  A shadow imp (D:4)
  7 dart slugs
  10 orcs (D:4)
  8 ball pythons
  10 endoplasms
  8 giant cockroaches
  8 goblins
  5 hobgoblins
  5 quokkas
  4 bats
  3 frilled lizards (D:1)
  6 kobolds
  5 rats
94 creatures vanquished.

Table legend:
 A = Non-vault XP
 B = Vault XP
 C = Vault XP percentage of total XP
 D = Non-vault monster count
 E = Vault monster count
 F = Vault count percentage of total count
                 A         B        C        D         E       F
            +---------+---------+-------+---------+---------+-------
      Total |     442 |     534 |  54.7 |      80 |      14 |  14.9
            +---------+---------+-------+---------+---------+-------
        D:1 |      46 |       0 |   0.0 |      24 |       0 |   0.0
        D:2 |      64 |      44 |  40.7 |      16 |       4 |  20.0
        D:3 |      33 |     247 |  88.2 |      10 |       1 |   9.1
        D:4 |     299 |     243 |  44.8 |      30 |       9 |  23.1
            +---------+---------+-------+---------+---------+-------

Illustrated notes

Table legend:
 A = Kills in this place as a percentage of kills in the entire game.
 B = Kills by you in this place as a percentage of kills by you in the entire game.
 C = Kills by friends in this place as a percentage of kills by friends in the entire game.
 D = Other kills in this place as a percentage of other kills in the entire game.
 E = Experience gained in this place as a percentage of experience gained in the entire game.
 F = Experience gained in this place divided by the number of levels of this place that you have seen.
                   A       B       C       D       E      F
               +-------+-------+-------+-------+-------+----------------------
         Total | 100.0 | 100.0 |   N/A |   N/A | 100.0 | 195.2
       Dungeon | 100.0 | 100.0 |   N/A |   N/A | 100.0 | 195.2
               +-------+-------+-------+-------+-------+----------------------

Table legend: (Time is in decaauts)
 A = Elapsed time spent in this place.
 B = Non-inter-level travel time spent in this place.
 C = Inter-level travel time spent in this place.
 D = Time resting spent in this place.
 E = Time spent auto-exploring this place.
 F = Levels seen in this place.
 G = Mean time per level.
                   A        B        C        D        E       F      G
               +--------+--------+--------+--------+--------+-----+--------+
         Total |   2726 |   2652 |     74 |    182 |   1774 |   5 |  545.2 |
       Dungeon |   2726 |   2652 |     74 |    182 |   1774 |   5 |  545.2 |
               +--------+--------+--------+--------+--------+-----+--------+

Top non-repeatable levels by time:
     D:4: 1042 daAuts
     D:1: 729 daAuts
     D:3: 463 daAuts
     D:2: 422 daAuts
     D:5: 68 daAuts
